[Event "WYCC 2018 G14"]
[Site "Halkidiki"]
[Date "2018.10.26"]
[Round "7"]
[White "Toncheva, Nadya"]
[Black "Zeliantsova, Kseniya"]
[Result "1/2-1/2"]
[ECO "E73"]
[WhiteElo "2002"]
[BlackElo "1804"]
[Annotator "NA"]
[PlyCount "105"]
[EventDate "2018.10.20"]
[EventType "swiss"]
[EventCountry "GRE"]
[SourceTitle "playchess.com"]
[Source "ChessBase"]
[SourceQuality "1"]
[TimeControl "40/5400+30:1800+30"]

1. d4 Nf6 2. c4 g6 3. Nc3 Bg7 4. e4 d6 5. Be2 O-O 6. Bg5 Na6 7. Qd2 e5 8. d5 Qe8 9. f3 Nh5 10. O-O-O f5 11. exf5 gxf5 12. Bh6 Qg6 13. Bxg7 Nxg7 14. Bd3 Nc5 15. Bc2 a5 16. h4 Qf6 17. Nge2 f4 18. Rdg1 Bf5 19. g4 fxg3 20. Nxg3 Bxc2 21. Nh5 Qxf3 22. Qh6 Rf7 23. Kxc2 Kh8 24. Rxg7 Qd3+ 25. Kc1 Rf2 26. Ne2 Raf8 27. Rgg1 R8f7 28. Qg5 Qxc4+ 29. Kb1 Qe4+ 30. Ka1 Qg6 31. Qd8+ Rf8 32. Qxf8+ Rxf8 33. Rxg6 hxg6 34. Nhg3 Rf3 35. Rg1 b5 36. Nc3 b4 37. Nce4 Nd3 38. Kb1 Nf4 39. Rd1 a4 40. Rd2 Re3 41. Rd1 b3 42. axb3 axb3 43. Kc1 Nd3+ 44. Kb1 Nb4 45. h5 Nxd5 46. hxg6 Ne7 47. Kc1 d5 48. Rh1+ Kg7 49. Kd2 Rf3 50. Rh7+ Kf8 51. Rf7+ Rxf7 52. gxf7 dxe4 53. Nxe4 1/2-1/2

[Event "WYCC 2018 G14"]
[Site "Halkidiki"]
[Date "2018.10.26"]
[Round "7"]
[White "Kamalidenova, Meruert"]
[Black "Behzad Nazif, Parva"]
[Result "1-0"]
[ECO "A48"]
[WhiteElo "1999"]
[BlackElo "1859"]
[Annotator "NA"]
[PlyCount "89"]
[EventDate "2018.10.20"]
[EventType "swiss"]
[EventCountry "GRE"]
[SourceTitle "playchess.com"]
[Source "ChessBase"]
[SourceQuality "1"]
[TimeControl "40/5400+30:1800+30"]

1. d4 Nf6 2. Nf3 g6 3. c4 Bg7 4. Bg5 O-O 5. Nc3 d6 6. e3 c5 7. d5 h6 8. Bh4 g5 9. Bg3 Nh5 10. Nd2 Nxg3 11. hxg3 Nd7 12. Be2 Nf6 13. Qc2 a6 14. f4 gxf4 15. gxf4 Ng4 16. Bxg4 Bxg4 17. Nf3 Qd7 18. Rh4 h5 19. Ng5 Bf5 20. e4 Bg4 21. e5 Bf5 22. Qe2 Bg4 23. Qe4 Bf5 24. Qe3 dxe5 25. fxe5 Qc7 26. Nf3 Qb6 27. Qf2 Qg6 28. Nd1 Bg4 29. Ne3 Qe4 30. Kf1 f6 31. e6 f5 32. Re1 Qd3+ 33. Kg1 Bf6 34. Rh2 f4 35. Nxg4 hxg4 36. Ne5 Qf5 37. Qe2 f3 38. gxf3 g3 39. Rg2 Qh3 40. Qd3 Kh8 41. Qg6 Qh7 42. Rxg3 Bg7 43. Nf7+ Kg8 44. Qxh7+ Kxh7 45. Kg2 1-0

[Event "WYCC 2018 G14"]
[Site "Halkidiki"]
[Date "2018.10.26"]
[Round "7"]
[White "Guillo Longares, Cecilia"]
[Black "Arauco Celestino, Arianna Sofia"]
[Result "0-1"]
[ECO "A57"]
[WhiteElo "1998"]
[BlackElo "1610"]
[Annotator "NA"]
[PlyCount "96"]
[EventDate "2018.10.20"]
[EventType "swiss"]
[EventCountry "GRE"]
[SourceTitle "playchess.com"]
[Source "ChessBase"]
[SourceQuality "1"]
[TimeControl "40/5400+30:1800+30"]

1. d4 Nf6 2. c4 c5 3. d5 b5 4. Qc2 Na6 5. a3 Qa5+ 6. Bd2 b4 7. e4 d6 8. Bd3 g6 9. Ne2 Bg7 10. O-O Qb6 11. a4 Nd7 12. f4 b3 13. Qc1 Nb4 14. Bxb4 cxb4+ 15. Kh1 Nc5 16. a5 Qd8 17. Qd2 Rb8 18. Nc1 Qc7 19. Qf2 Nxd3 20. Nxd3 Qxc4 21. Qe3 Bd4 22. Qd2 Ba6 23. Rf3 Qc2 24. Ne1 Qxb2 25. Ra4 Qxd2 26. Nxd2 Bc3 27. Nxb3 Bc4 28. Rxc3 bxc3 29. Rxc4 Rxb3 30. Kg1 Kd7 31. Kf2 Rc8 32. Rxc8 Kxc8 33. Ke3 Kb7 34. Kd3 Ka6 35. Kc4 Ra3 36. Nc2 Ra4+ 37. Kxc3 Rxe4 38. Nb4+ Kxa5 39. Nc6+ Kb6 40. g3 a5 41. Kd3 f5 42. g4 Rxf4 43. gxf5 Rxf5 44. Nxe7 Re5 45. Nc8+ Kc7 46. Na7 Rxd5+ 47. Kc4 Rc5+ 48. Kd4 Kb7 0-1

[Event "WYCC 2018 G14"]
[Site "Halkidiki"]
[Date "2018.10.26"]
[Round "7"]
[White "Eizaguerri Floris, Maria"]
[Black "Baiburina, Kamilla"]
[Result "1-0"]
[ECO "B07"]
[WhiteElo "1987"]
[BlackElo "1907"]
[Annotator "NA"]
[PlyCount "65"]
[EventDate "2018.10.20"]
[EventType "swiss"]
[EventCountry "GRE"]
[SourceTitle "playchess.com"]
[Source "ChessBase"]
[SourceQuality "1"]
[TimeControl "40/5400+30:1800+30"]

1. e4 d6 2. d4 Nf6 3. Nc3 Nbd7 4. Nf3 e5 5. Bc4 Be7 6. a4 a5 7. Ng5 O-O 8. Bxf7+ Rxf7 9. Ne6 Qe8 10. Nxc7 Qd8 11. Nxa8 b6 12. Nb5 Ne8 13. dxe5 Nxe5 14. Be3 Nc4 15. Bd4 Be6 16. Nxb6 Nxb6 17. O-O Nd7 18. Bc3 Nc5 19. Qe2 Qa8 20. f3 Bf8 21. Rfd1 Nb7 22. Nd4 Bd7 23. Qc4 Nc5 24. Be1 Qa7 25. Bf2 Be7 26. Nb3 Qc7 27. Nxc5 dxc5 28. e5 Bc8 29. e6 Rf8 30. Rd7 Bxd7 31. exd7+ Kh8 32. dxe8=Q Rxe8 33. Re1 1-0

[Event "WYCC 2018 G14"]
[Site "Halkidiki"]
[Date "2018.10.26"]
[Round "7"]
[White "Stepanyan, Eva"]
[Black "Dylag, Emilia"]
[Result "1-0"]
[ECO "B90"]
[WhiteElo "1981"]
[BlackElo "2059"]
[Annotator "NA"]
[PlyCount "73"]
[EventDate "2018.10.20"]
[EventType "swiss"]
[EventCountry "GRE"]
[SourceTitle "playchess.com"]
[Source "ChessBase"]
[SourceQuality "1"]
[TimeControl "40/5400+30:1800+30"]

1. e4 c5 2. Nf3 d6 3. d4 cxd4 4. Nxd4 Nf6 5. Nc3 a6 6. f3 e5 7. Nb3 Be6 8. Be3 Be7 9. Qd2 O-O 10. O-O-O a5 11. a4 Nc6 12. g4 Nb4 13. Kb1 Qc7 14. g5 Nd7 15. Qf2 Rfc8 16. Bb5 f5 17. gxf6 Nxf6 18. Bb6 Qb8 19. Bxa5 Rxa5 20. Nxa5 Bd8 21. Nb3 d5 22. exd5 Bf5 23. Na1 Qd6 24. Rd2 Bb6 25. Qe2 Bd4 26. Bc4 Bxc3 27. bxc3 Na6 28. Nb3 Kh8 29. Re1 e4 30. Rd4 Nc5 31. Nxc5 Qxc5 32. fxe4 Bg6 33. Qd2 Qb6+ 34. Bb5 Qa5 35. Kb2 Ne8 36. d6 Rd8 37. e5 1-0

[Event "WYCC 2018 G14"]
[Site "Halkidiki"]
[Date "2018.10.26"]
[Round "7"]
[White "Ziegenfuss, Antonia"]
[Black "Allahverdiyeva, Ayan"]
[Result "0-1"]
[ECO "E20"]
[WhiteElo "1969"]
[BlackElo "2116"]
[Annotator "NA"]
[PlyCount "54"]
[EventDate "2018.10.20"]
[EventType "swiss"]
[EventCountry "GRE"]
[SourceTitle "playchess.com"]
[Source "ChessBase"]
[SourceQuality "1"]
[TimeControl "40/5400+30:1800+30"]

1. d4 e6 2. c4 Nf6 3. Nc3 Bb4 4. f3 c5 5. d5 O-O 6. e4 d6 7. Nge2 a6 8. Nf4 exd5 9. cxd5 b5 10. a4 Ba5 11. Bd2 c4 12. Nb1 Bb7 13. Bxa5 Qxa5+ 14. Qd2 Qc7 15. axb5 axb5 16. Rxa8 Bxa8 17. Qb4 Qb6 18. Na3 Nbd7 19. Be2 Ne5 20. Qd2 Bb7 21. Nh3 Ra8 22. Nf2 Qc5 23. O-O c3 24. Qc2 b4 25. Nb1 Ra2 26. Re1 Rxb2 27. Qc1 Nc4 0-1

[Event "WYCC 2018 G14"]
[Site "Halkidiki"]
[Date "2018.10.26"]
[Round "7"]
[White "Zhu, Evelyn"]
[Black "Mehmed, Elif"]
[Result "1/2-1/2"]
[ECO "E81"]
[WhiteElo "1926"]
[BlackElo "2049"]
[Annotator "NA"]
[PlyCount "153"]
[EventDate "2018.10.20"]
[EventType "swiss"]
[EventCountry "GRE"]
[SourceTitle "playchess.com"]
[Source "ChessBase"]
[SourceQuality "1"]
[TimeControl "40/5400+30:1800+30"]

1. d4 Nf6 2. c4 g6 3. Nc3 Bg7 4. e4 d6 5. f3 O-O 6. Be3 c5 7. Nge2 Nc6 8. d5 Na5 9. Ng3 e6 10. e5 Nd7 11. exd6 Qb6 12. Qd2 exd5 13. Nxd5 Qxb2 14. Qxb2 Bxb2 15. Rd1 f5 16. Kf2 b6 17. f4 Bb7 18. Nc7 Rac8 19. Be2 Bc6 20. Rd2 Bf6 21. Rc1 Rf7 22. Bf3 Bxf3 23. Kxf3 Nb7 24. Nb5 a6 25. Na7 Ra8 26. Nc6 Rc8 27. Na7 Ra8 28. Nc6 Nd8 29. Nxd8 Rxd8 30. Rb1 Bc3 31. Rd3 Bg7 32. Ne2 Rc8 33. Ra3 a5 34. Nc3 Bxc3 35. Rxc3 Rc6 36. Rd3 Rf6 37. Rbd1 Kf7 38. Bf2 Re6 39. Bh4 Rc8 40. Be7 Re8 41. Re3 Rxe3+ 42. Kxe3 Rb8 43. Rb1 Nf6 44. Bxf6 Kxf6 45. Rd1 a4 46. Kd3 Ke6 47. Kc3 Kd7 48. Rd2 Re8 49. Rb2 Kc6 50. Rd2 Re3+ 51. Kb2 Kd7 52. g3 h6 53. Kc2 Rf3 54. Kb2 h5 55. Re2 Kxd6 56. Rd2+ Kc7 57. Re2 h4 58. Re7+ Kc8 59. Re6 hxg3 60. hxg3 Rxg3 61. Rxb6 Rg4 62. Kc3 Kc7 63. Ra6 Rxf4 64. Rxg6 Rf2 65. Rf6 f4 66. Kd3 Rxa2 67. Rxf4 Rb2 68. Kc3 Rb4 69. Rf6 Kb7 70. Rh6 Ka7 71. Rg6 Rb3+ 72. Kc2 Rb4 73. Kc3 Rb1 74. Kc2 Rb7 75. Rc6 a3 76. Rxc5 Ka6 77. Rb5 1/2-1/2

[Event "WYCC 2018 G14"]
[Site "Halkidiki"]
[Date "2018.10.26"]
[Round "7"]
[White "Rodriguez Redondo, Adhara"]
[Black "Mrudul Dehankar"]
[Result "0-1"]
[ECO "B84"]
[WhiteElo "1911"]
[BlackElo "1996"]
[Annotator "NA"]
[PlyCount "142"]
[EventDate "2018.10.20"]
[EventType "swiss"]
[EventCountry "GRE"]
[SourceTitle "playchess.com"]
[Source "ChessBase"]
[SourceQuality "1"]
[TimeControl "40/5400+30:1800+30"]

1. e4 c5 2. Nf3 d6 3. d4 cxd4 4. Nxd4 Nf6 5. Nc3 a6 6. Be2 e6 7. O-O Be7 8. a4 Qc7 9. f4 Nbd7 10. Bf3 O-O 11. Kh1 Nc5 12. Qe1 Rd8 13. Be3 Rb8 14. g4 d5 15. e5 Nfe4 16. Nxe4 Nxe4 17. c3 Bd7 18. Bxe4 dxe4 19. Qg3 b5 20. axb5 Bxb5 21. Nxb5 Rxb5 22. Qg2 Qb7 23. b4 Rd3 24. Bd2 Rbd5 25. Be1 Rd8 26. Ra2 Rd1 27. Re2 Rc1 28. g5 Rdd1 29. h4 g6 30. Kh2 Qb5 31. Qxe4 a5 32. Rg1 axb4 33. cxb4 Rc4 34. Qa8+ Rd8 35. Qf3 Rxf4 36. Qxf4 Qxe2+ 37. Kh1 Rd7 38. Rf1 Bd8 39. Bg3 Bb6 40. Qf3 Qc4 41. Qf4 Qd5+ 42. Qf3 Qb5 43. Qf4 Bd4 44. Rc1 Qb7+ 45. Kh2 Rd5 46. Qf3 Qb8 47. Rf1 Qc7 48. Re1 Qc4 49. Rf1 Rd7 50. Qa8+ Kg7 51. Qf3 Qxb4 52. Kh3 Qc5 53. Qf4 Kg8 54. Rb1 Qc7 55. Re1 Rd5 56. Re2 Qc3 57. Re4 Qd3 58. Kg4 Bxe5 59. Rxe5 Rd4 60. Qxd4 Qxd4+ 61. Kf3 h6 62. Re4 Qd1+ 63. Kf4 Qf1+ 64. Ke3 hxg5 65. hxg5 Qc1+ 66. Kf3 Qxg5 67. Re5 Qd2 68. Bf4 Qd3+ 69. Kg4 f6 70. Rc5 Qe2+ 71. Kg3 g5 0-1

[Event "WYCC 2018 G14"]
[Site "Halkidiki"]
[Date "2018.10.26"]
[Round "7"]
[White "Ehsani, Yassamin"]
[Black "Matus, Nastassja"]
[Result "0-1"]
[ECO "B10"]
[WhiteElo "1875"]
[BlackElo "1983"]
[Annotator "NA"]
[PlyCount "28"]
[EventDate "2018.10.20"]
[EventType "swiss"]
[EventCountry "GRE"]
[SourceTitle "playchess.com"]
[Source "ChessBase"]
[SourceQuality "1"]
[TimeControl "40/5400+30:1800+30"]

1. e4 c6 2. Ne2 d5 3. e5 Bf5 4. Ng3 Bg6 5. h4 h6 6. h5 Bh7 7. e6 Qd6 8. exf7+ Kxf7 9. d4 e5 10. c4 exd4 11. Qxd4 Nf6 12. Bf4 Qe6+ 13. Be2 c5 14. cxd5 Qxe2+ 0-1

[Event "WYCC 2018 G14"]
[Site "Halkidiki"]
[Date "2018.10.26"]
[Round "7"]
[White "Moracchini, Margaux"]
[Black "Yellamraju, Ambica"]
[Result "0-1"]
[ECO "C07"]
[WhiteElo "1838"]
[BlackElo "1647"]
[Annotator "NA"]
[PlyCount "126"]
[EventDate "2018.10.20"]
[EventType "swiss"]
[EventCountry "GRE"]
[SourceTitle "playchess.com"]
[Source "ChessBase"]
[SourceQuality "1"]
[TimeControl "40/5400+30:1800+30"]

1. e4 e6 2. d4 d5 3. Nd2 c5 4. exd5 Qxd5 5. Ngf3 cxd4 6. Bc4 Qd7 7. O-O Nc6 8. Nb3 Nf6 9. Nbxd4 Nxd4 10. Nxd4 a6 11. a4 Bc5 12. Nb3 Qxd1 13. Rxd1 Bb6 14. a5 Ba7 15. Be3 Bxe3 16. fxe3 Bd7 17. Rd6 Rc8 18. Nd2 Ke7 19. Rd3 Rhd8 20. h3 Bc6 21. Raa3 Nd7 22. b4 Ne5 23. Rxd8 Rxd8 24. Bd3 Rd5 25. Kf2 Bb5 26. Ke2 Bxd3+ 27. cxd3 Rb5 28. Rb3 Nc6 29. Ne4 Nxa5 30. Rc3 Nc6 31. Nc5 Nxb4 32. d4 b6 33. Ne4 Nd5 34. Ra3 a5 35. Kd3 Rb4 36. Nd2 f6 37. g3 Kd7 38. Nc4 Kc7 39. e4 Ne7 40. Rc3 Kd7 41. Ra3 Nc6 42. g4 Na7 43. Nxb6+ Rxb6 44. Rxa5 Nc6 45. Rh5 h6 46. e5 fxe5 47. dxe5 Rb5 48. Ke4 Rxe5+ 49. Rxe5 Nxe5 50. Kxe5 g5 51. Kf6 Kd6 52. Kg6 e5 53. Kxh6 e4 54. Kxg5 e3 55. h4 e2 56. h5 e1=Q 57. h6 Qe4 58. Kf6 Qf4+ 59. Kg7 Ke7 60. Kg6 Qf7+ 61. Kg5 Qh7 62. Kh5 Kf6 63. g5+ Kf5 0-1

[Event "WYCC 2018 G14"]
[Site "Halkidiki"]
[Date "2018.10.26"]
[Round "7"]
[White "Brunner, Sophia"]
[Black "Villanyi, Alexia"]
[Result "1-0"]
[ECO "E91"]
[WhiteElo "1812"]
[BlackElo "1709"]
[Annotator "NA"]
[PlyCount "117"]
[EventDate "2018.10.20"]
[EventType "swiss"]
[EventCountry "GRE"]
[SourceTitle "playchess.com"]
[Source "ChessBase"]
[SourceQuality "1"]
[TimeControl "40/5400+30:1800+30"]

1. d4 Nf6 2. Nf3 g6 3. c4 Bg7 4. Nc3 O-O 5. e4 d6 6. Be2 Bg4 7. O-O Nfd7 8. Be3 Nc6 9. h3 Bxf3 10. Bxf3 e5 11. d5 Nd4 12. Rc1 a5 13. b3 Nxf3+ 14. Qxf3 f5 15. Qe2 f4 16. Bd2 f3 17. gxf3 Qh4 18. Kh2 Nf6 19. Rg1 Bh6 20. Bxh6 Qxh6 21. Qe3 Qh4 22. Ne2 Nh5 23. Rg4 Qf6 24. Rc3 Rf7 25. Qg5 Qxg5 26. Rxg5 Raf8 27. Kg2 Kg7 28. Rg4 Nf6 29. Re3 Nxg4 30. hxg4 h5 31. g5 h4 32. Ng1 c6 33. Rd3 Rd7 34. Rd2 Kf7 35. Kh3 Rh8 36. Kg4 cxd5 37. Rxd5 b6 38. a4 Ke6 39. Rb5 Rb7 40. Nh3 Rc8 41. f4 exf4 42. Nxf4+ Kf7 43. Rd5 Rd7 44. e5 dxe5 45. Rxd7+ Ke8 46. Nd5 Kxd7 47. Nxb6+ Kc7 48. Nxc8 Kxc8 49. Kxh4 Kd7 50. Kg3 Ke6 51. Kg4 Kd6 52. Kf3 Ke6 53. Ke4 Kd6 54. f4 exf4 55. Kxf4 Ke6 56. Ke4 Kd6 57. Kd4 Ke6 58. c5 Ke7 59. Ke5 1-0

[Event "WYCC 2018 G14"]
[Site "Halkidiki"]
[Date "2018.10.26"]
[Round "7"]
[White "Zeng, Sheena"]
[Black "Kuhar, Larisa"]
[Result "1/2-1/2"]
[ECO "A58"]
[WhiteElo "1807"]
[BlackElo "1916"]
[Annotator "NA"]
[PlyCount "216"]
[EventDate "2018.10.20"]
[EventType "swiss"]
[EventCountry "GRE"]
[SourceTitle "playchess.com"]
[Source "ChessBase"]
[SourceQuality "1"]
[TimeControl "40/5400+30:1800+30"]

1. d4 Nf6 2. c4 c5 3. d5 b5 4. cxb5 a6 5. bxa6 g6 6. Nc3 Bxa6 7. e4 Bxf1 8. Kxf1 d6 9. Nf3 Nbd7 10. g3 Bg7 11. Kg2 O-O 12. a4 {[%emt 0:00:37] A59: Benko/Volga Gambit: White castles by hand} Ra6 13. Qc2 (13. Re1 Qa8 14. Nb5 Rc8 15. Ra3 Ne8 16. Qc2 Nc7 17. Nxc7 Rxc7 18. b4 cxb4 19. Qxc7 bxa3 20. Bxa3 Rxa4 21. Qxd7 {0-1 (37) Vallejo Pons,F (2711)-Tregubov,P (2585) Tallinn 2016}) 13... Qa8 14. Ra3 e6 15. dxe6 fxe6 16. Re1 c4 17. Be3 $146 ({Predecessor:} 17. Nb5 Rc8 18. Bf4 Bf8 19. Rc3 e5 20. Rxc4 Rxc4 21. Qxc4+ {1-0 (91) Curi,G (2156)-Coppola,C (2207) Montevideo 2014}) 17... Ng4 18. Nb5 Nxe3+ 19. Rexe3 Rc8 20. Nfd4 d5 21. exd5 exd5 22. Qd2 Bh6 23. f4 Nc5 24. b3 cxb3 25. Nxb3 d4+ 26. Rf3 Nxb3 27. Raxb3 Rxa4 28. Kf2 Bg7 29. g4 Qd5 30. Na3 Qe4 31. Qd3 Qe7 32. Kg2 Ra5 33. Nc2 Ra2 34. Rf2 Qc7 35. Nxd4 Rxf2+ 36. Kxf2 Bxd4+ 37. Kg3 Qd7 38. f5 gxf5 39. gxf5 Be5+ 40. Kh3 Qf7 41. Kg2 Qg7+ 42. Kf3 Bxh2 43. Qd5+ Qf7 44. Qxf7+ Kxf7 45. Rb7+ Bc7 46. Rb5 Kf6 47. Rc5 h5 48. Rc6+ Kxf5 49. Rc5+ Kg6 50. Kg2 Kh6 51. Kh3 Kg6 52. Kg2 h4 53. Kh3 Kf6 54. Rc4 Kf5 55. Rc6 Ke4 56. Rc4+ Kd5 57. Rxh4 Rf8 58. Kg2 Bf4 59. Rh7 Ke4 60. Re7+ Be5 61. Re6 Rg8+ 62. Kf2 Ra8 63. Rc6 Ra2+ 64. Ke1 Ke3 65. Kd1 Bd4 66. Rc2 Ra1+ 67. Rc1 Ra3 68. Rc2 Bc3 69. Re2+ Kf3 70. Re7 Ra2 71. Re8 Rh2 72. Kc1 Kf4 73. Kd1 Be5 74. Kc1 Ke4 75. Re6 Kd4 76. Kd1 Ra2 77. Ke1 Ke4 78. Re8 Kf5 79. Kd1 Rh2 80. Ke1 Bd4 81. Re2 Rh1+ 82. Kd2 Rh3 83. Kc2 Be5 84. Kd1 Ke6 85. Kc2 Kd5 86. Kd2 Ra3 87. Ke1 Bd4 88. Kf1 Be3 89. Kg2 Ke4 90. Rc2 Ra6 91. Kf1 Rg6 92. Rg2 Rf6+ 93. Ke2 Rd6 94. Rg4+ Bf4 95. Rg8 Rd2+ 96. Ke1 Ra2 97. Re8+ Kf3 98. Kd1 Be3 99. Re6 Rd2+ 100. Ke1 Rd8 101. Rf6+ Ke4 102. Re6+ Kd3 103. Kd1 Ra8 104. Rd6+ $11 Bd4 105. Rc6 Ra2 106. Rc8 Rd2+ 107. Kc1 Ra2 108. Kd1 Ra1+ 1/2-1/2

[Event "WYCC 2018 G14"]
[Site "Halkidiki"]
[Date "2018.10.26"]
[Round "7"]
[White "Anghel, Maria"]
[Black "Nguyen, Thien Ngan"]
[Result "0-1"]
[ECO "D30"]
[WhiteElo "1801"]
[BlackElo "1888"]
[Annotator "NA"]
[PlyCount "126"]
[EventDate "2018.10.20"]
[EventType "swiss"]
[EventCountry "GRE"]
[SourceTitle "playchess.com"]
[Source "ChessBase"]
[SourceQuality "1"]
[TimeControl "40/5400+30:1800+30"]

1. d4 d5 2. c4 e6 3. Nf3 c5 4. cxd5 exd5 5. g3 Nc6 6. Bg2 Nf6 7. O-O Be7 8. dxc5 Bxc5 9. Nc3 O-O 10. a3 a5 11. Bg5 d4 12. Nb5 h6 13. Bxf6 Qxf6 14. Rc1 Bb6 15. Nd2 d3 16. exd3 Qxb2 17. Rb1 Qf6 18. Ne4 Qd8 19. Nbd6 Rb8 20. Nxc8 Rxc8 21. Qb3 Ba7 22. Qxb7 Bd4 23. Rfc1 Ne5 24. Qb5 Rb8 25. Qa4 Rb6 26. Qc2 Rc6 27. Qd2 Rxc1+ 28. Rxc1 Qb6 29. h3 f5 30. Nc3 Bxf2+ 31. Kh2 Kh8 32. Rf1 Bd4 33. Nd5 Qc5 34. Nf4 Qxa3 35. Ne6 Bc3 36. Qf4 Rf6 37. Nd4 Nxd3 38. Qe3 Qc5 39. Qxd3 Qxd4 40. Qb5 Qe5 41. Qc4 Bb4 42. Rd1 Bd6 43. Rd3 f4 44. Qc8+ Rf8 45. Qc3 fxg3+ 46. Kh1 Qxc3 47. Rxc3 a4 48. Rd3 Rf6 49. Rd2 a3 50. Bd5 h5 51. Kg2 Kh7 52. Be4+ Kh6 53. Bd5 Kg5 54. Bf3 g6 55. Rd5+ Kf4 56. Rd2 Ke3 57. Re2+ Kd4 58. Rd2+ Kc3 59. Ra2 Bc5 60. Kxg3 Kb4 61. Re2 Rd6 62. Re4+ Kb3 63. Re2 a2 0-1

[Event "WYCC 2018 G14"]
[Site "Halkidiki"]
[Date "2018.10.26"]
[Round "7"]
[White "Zhou, Iris"]
[Black "Divya Deshmukh"]
[Result "0-1"]
[ECO "B01"]
[WhiteElo "1779"]
[BlackElo "2180"]
[Annotator "NA"]
[PlyCount "62"]
[EventDate "2018.10.20"]
[EventType "swiss"]
[EventCountry "GRE"]
[SourceTitle "playchess.com"]
[Source "ChessBase"]
[SourceQuality "1"]
[TimeControl "40/5400+30:1800+30"]

1. e4 d5 2. exd5 Nf6 3. d4 Bg4 4. Be2 Bxe2 5. Qxe2 Qxd5 6. Nf3 Nc6 7. c4 Qf5 8. O-O O-O-O 9. Be3 e6 10. Nc3 h6 11. Rfd1 g5 12. a3 Bg7 13. b4 g4 14. Ne1 Ne4 15. Nxe4 Qxe4 16. f3 Nxd4 17. Rxd4 Qxe3+ 18. Qxe3 Bxd4 19. Nc2 Bxe3+ 20. Nxe3 gxf3 21. gxf3 Rhg8+ 22. Kf1 Rd2 23. Ng4 h5 24. Nf2 Rc2 25. c5 Rd8 26. h3 Rdd2 27. Ne4 Rh2 28. Kg1 Rxh3 29. Rf1 Rhh2 30. Rd1 Rcg2+ 31. Kf1 h4 0-1

[Event "WYCC 2018 G14"]
[Site "Halkidiki"]
[Date "2018.10.26"]
[Round "7"]
[White "Vuong, Quynh Anh"]
[Black "Sim, Jia Ru"]
[Result "1/2-1/2"]
[ECO "A25"]
[WhiteElo "1747"]
[BlackElo "1979"]
[Annotator "NA"]
[PlyCount "126"]
[EventDate "2018.10.20"]
[EventType "swiss"]
[EventCountry "GRE"]
[SourceTitle "playchess.com"]
[Source "ChessBase"]
[SourceQuality "1"]
[TimeControl "40/5400+30:1800+30"]

1. c4 e5 2. Nc3 Nc6 3. g3 Bc5 4. Bg2 d6 5. Nf3 a6 6. a3 Nge7 7. b4 Ba7 8. Bb2 f5 9. d3 O-O 10. O-O f4 11. b5 axb5 12. cxb5 Nd4 13. Nxd4 Bxd4 14. Qb3+ Kh8 15. Ne4 Bb6 16. d4 exd4 17. Ng5 d5 18. Nf3 fxg3 19. hxg3 Nf5 20. Qd3 Ra4 21. Rad1 Bd7 22. Ne5 Be8 23. Qb3 Ra5 24. a4 Qf6 25. Nd3 c6 26. Ba3 Rg8 27. bxc6 Qxc6 28. Bb4 Qxa4 29. Bxd5 Rxd5 30. Qxd5 Bg6 31. Ra1 Qe8 32. Qe5 Qd8 33. Ba5 Re8 34. Bxb6 Qxb6 35. Qa5 Qd6 36. Qa3 Qb8 37. Nf4 Bf7 38. Qd3 Qe5 39. Rfb1 Nd6 40. Rb4 g5 41. Ng2 Nf5 42. Rb5 Bd5 43. Raa5 Rd8 44. e4 Qxe4 45. Qxe4 Bxe4 46. Rxf5 Bxf5 47. Rxf5 d3 48. Ne3 d2 49. Nd1 Re8 50. Kg2 Re1 51. Nc3 Rc1 52. Rd5 Rxc3 53. Rxd2 Rc7 54. Rd5 h6 55. Rd6 Kg7 56. Rb6 Rf7 57. f3 Rc7 58. Kh3 Rf7 59. Kg4 Rf6 60. Rxb7+ Kg6 61. Rb3 h5+ 62. Kh3 Rxf3 63. Rxf3 g4+ 1/2-1/2

[Event "WYCC 2018 G14"]
[Site "Halkidiki"]
[Date "2018.10.26"]
[Round "7"]
[White "Yedigaryan, Asya"]
[Black "Hrebenshchykova, Yelyzaveta"]
[Result "1/2-1/2"]
[ECO "A45"]
[WhiteElo "1726"]
[BlackElo "1968"]
[Annotator "NA"]
[PlyCount "90"]
[EventDate "2018.10.20"]
[EventType "swiss"]
[EventCountry "GRE"]
[SourceTitle "playchess.com"]
[Source "ChessBase"]
[SourceQuality "1"]
[TimeControl "40/5400+30:1800+30"]

1. d4 Nf6 2. Nc3 d5 3. Bf4 c5 4. e3 a6 5. a4 e6 6. Nf3 b6 7. Be2 Bb7 8. O-O Nbd7 9. h3 Be7 10. Ne5 O-O 11. Bf3 cxd4 12. exd4 Ne4 13. Ne2 f6 14. Nd3 Re8 15. Bg4 Nf8 16. Bh2 Bd6 17. Bxd6 Qxd6 18. f4 Rac8 19. c3 Rc7 20. Qe1 Ng6 21. h4 Ne7 22. Ng3 Nc8 23. a5 bxa5 24. Rxa5 Qb6 25. Ra4 Ncd6 26. Rb4 Qc6 27. Nxe4 Nxe4 28. Qd1 a5 29. Ra4 Qb5 30. Re1 Ba6 31. Re3 Qb6 32. Ra1 e5 33. fxe5 fxe5 34. Qa4 Rf8 35. Qxa5 Qxa5 36. Rxa5 exd4 37. cxd4 Bxd3 38. Rxd3 Rc1+ 39. Kh2 Nf2 40. Be6+ Kh8 41. Rf3 Rh1+ 42. Kg3 Ne4+ 43. Kg4 Nf6+ 44. Kg3 Ne4+ 45. Kg4 Nf6+ 1/2-1/2

[Event "WYCC 2018 G14"]
[Site "Halkidiki"]
[Date "2018.10.26"]
[Round "7"]
[White "Maciulaityte, Barbora"]
[Black "Tamrazyan, Gohar"]
[Result "1/2-1/2"]
[ECO "C11"]
[WhiteElo "1715"]
[BlackElo "1824"]
[Annotator "NA"]
[PlyCount "58"]
[EventDate "2018.10.20"]
[EventType "swiss"]
[EventCountry "GRE"]
[SourceTitle "playchess.com"]
[Source "ChessBase"]
[SourceQuality "1"]
[TimeControl "40/5400+30:1800+30"]

1. e4 e6 2. d4 d5 3. Nc3 Nf6 4. e5 Nfd7 5. f4 c5 6. Nf3 Nc6 7. Be3 a6 8. Qd2 Be7 9. Be2 b5 10. Nd1 Qb6 11. Nf2 b4 12. O-O a5 13. c4 cxd4 14. Nxd4 Bc5 15. Rfd1 Nxd4 16. Bxd4 Bxd4 17. Qxd4 Qxd4 18. Rxd4 Ba6 19. Bf3 Bb7 20. cxd5 Bxd5 21. Bxd5 exd5 22. Rxd5 Nb6 23. Rc5 Na4 24. Rc2 O-O 25. Ne4 Rac8 26. Rac1 Rcd8 27. b3 Rd4 28. Re2 Nb6 29. Rc5 a4 1/2-1/2

[Event "WYCC 2018 G14"]
[Site "Halkidiki"]
[Date "2018.10.26"]
[Round "7"]
[White "Djordjevic, Nevena"]
[Black "Sleurs, Juliette"]
[Result "0-1"]
[ECO "D10"]
[WhiteElo "1704"]
[BlackElo "1812"]
[Annotator "NA"]
[PlyCount "88"]
[EventDate "2018.10.20"]
[EventType "swiss"]
[EventCountry "GRE"]
[SourceTitle "playchess.com"]
[Source "ChessBase"]
[SourceQuality "1"]
[TimeControl "40/5400+30:1800+30"]

1. d4 d5 2. c4 c6 3. cxd5 cxd5 4. Nc3 Nc6 5. Bf4 e5 6. dxe5 d4 7. Ne4 Qa5+ 8. Bd2 Qxe5 9. Ng3 Nf6 10. Nf3 Qd5 11. e3 dxe3 12. Bxe3 Bb4+ 13. Bd2 O-O 14. Be2 Be6 15. O-O Rfd8 16. Be3 Qxa2 17. Qxd8+ Rxd8 18. Rxa2 Bxa2 19. Bxa7 Nxa7 20. Ra1 Bd5 21. Rxa7 Bc5 22. Ra1 Ng4 23. Rf1 b6 24. h3 Bxf3 25. Bxf3 Nxf2 26. Rxf2 Rd2 27. Ne4 Bxf2+ 28. Nxf2 Rxb2 29. Kf1 Rc2 30. Be4 Rc8 31. Ke2 Kf8 32. Kd2 Ke7 33. Nd3 g6 34. g4 Kf6 35. h4 h6 36. Ke3 b5 37. Kd4 Rc4+ 38. Kd5 Rc2 39. h5 gxh5 40. gxh5 Kg5 41. Ke5 f6+ 42. Ke6 f5 43. Bxf5 Re2+ 44. Ne5 Kf4 0-1

[Event "WYCC 2018 G14"]
[Site "Halkidiki"]
[Date "2018.10.26"]
[Round "7"]
[White "Kostina, Veronika"]
[Black "Somton, Anita"]
[Result "1-0"]
[ECO "B01"]
[WhiteElo "1700"]
[BlackElo "1787"]
[Annotator "NA"]
[PlyCount "127"]
[EventDate "2018.10.20"]
[EventType "swiss"]
[EventCountry "GRE"]
[SourceTitle "playchess.com"]
[Source "ChessBase"]
[SourceQuality "1"]
[TimeControl "40/5400+30:1800+30"]

1. e4 d5 2. Nc3 d4 3. Nce2 e5 4. Nf3 Bd6 5. Ng3 Nf6 6. Bc4 Be6 7. Bxe6 fxe6 8. O-O Nbd7 9. d3 c5 10. Re1 O-O 11. Nf1 Qe8 12. N1d2 Bc7 13. a4 Nh5 14. Nc4 Nf4 15. Bxf4 Rxf4 16. g3 Rf6 17. Nh4 Qf7 18. Rf1 Rf8 19. Qe2 Rh6 20. Ng2 g5 21. Qg4 Qg7 22. h4 gxh4 23. Qxg7+ Kxg7 24. Nxh4 Bd8 25. Ng2 Rff6 26. Ne1 Rfg6 27. Nf3 Bc7 28. Kg2 Rh5 29. Rh1 Rgh6 30. Rxh5 Rxh5 31. Ra3 b6 32. Rb3 a6 33. Ra3 Kf6 34. Ra1 Nf8 35. g4 Rg5 36. Nxg5 Kxg5 37. Kg3 Nd7 38. Rh1 Nf6 39. f3 h6 40. Rh2 Kg6 41. Kh4 Nd7 42. Rh1 Nf6 43. Rg1 Nd7 44. Rb1 a5 45. Ra1 Bd8+ 46. Kg3 Kg5 47. Ra3 Bc7 48. Rb3 Bd8 49. Rb5 Kg6 50. f4 exf4+ 51. Kxf4 Bg5+ 52. Kf3 Bd8 53. Rb3 Kg5 54. e5 Bc7 55. Rb5 Bd8 56. c3 Bc7 57. Rb3 dxc3 58. bxc3 Nxe5+ 59. Nxe5 Bxe5 60. Rxb6 Bxc3 61. Rxe6 Bd4 62. Ra6 Bc3 63. Rc6 Bd4 64. Rd6 1-0